 Dungeon Crawl Stone Soup version 0.23-a0-556-g351818a (webtiles) character file.

1372 Geeful the Digger (level 8, -5/46 HPs)
             Began as an Octopode Earth Elementalist on Dec 10, 2018.
             Was a Follower of Nemelex Xobeh.
             Slain by a wight
             ... wielding a cursed +0 trident
              (7 damage)
             ... on level 6 of the Dungeon.
             The game lasted 00:21:47 (7372 turns).

Geeful the Digger (Octopode Earth Elementalist)     Turns: 7372, Time: 00:21:47

Health: -5/46      AC:  1    Str:  7    XL:     8   Next: 65%
Magic:  13/15      EV: 15    Int: 23    God:    Nemelex Xobeh [*.....]
Gold:   292        SH:  0    Dex: 12    Spells: 7/17 levels left

rFire    . . .     SeeInvis .   g - +0 short sword
rCold    . . .     Gourm    .   (no shield)
rNeg     . . .     Faith    .   (helmet restricted)
rPois    .         Spirit   .   v - amulet of rage
rElec    .         Reflect  .   o - +3 ring of intelligence
rCorr    .         Harm     .   (no ring)
MR       .....                  (no ring)
Stlth    +++.......             (no ring)
HPRegen  0.15/turn              (no ring)
MPRegen  0.14/turn              (no ring)
                                (no ring)
                                (no ring)

@: heavily drained
A: almost no armour, stealthy swim, amphibious, 8 rings, constrict 8, camouflage
1, gelatinous body 1
a: Renounce Religion, Evoke Berserk Rage


You were on level 6 of the Dungeon.
You worshipped Nemelex Xobeh.
Nemelex Xobeh was aware of your devotion.
You were not hungry.

You visited 1 branch of the dungeon, and saw 6 of its levels.

You collected 292 gold pieces.

Inventory:

Hand Weapons
 g - a +0 short sword (weapon)
Missiles
 b - 136 stones (quivered)
Jewellery
 o - a +3 ring of intelligence (left tentacle)
 u - an uncursed ring of fire
 v - an amulet of rage (around mantle)
Wands
 m - a wand of polymorph (6)
Scrolls
 a - 2 scrolls of teleportation
 f - 5 scrolls of remove curse
 k - a scroll of blinking
 s - a scroll of random uselessness {unknown}
Potions
 d - 3 potions of heal wounds
 e - 2 potions of haste
 h - 2 potions of might {unknown}
 i - a potion of resistance {unknown}
 l - 2 potions of cancellation
 n - a potion of flight {unknown}
 q - 3 potions of curing {unknown}
 r - 2 potions of lignification {unknown}
 t - a potion of berserk rage {unknown}
 w - a potion of agility {unknown}
 x - 2 potions of magic {unknown}
Miscellaneous
 j - a plain deck of summoning {drawn: 3}
Comestibles
 c - 2 rations
 z - 2 chunks of flesh


   Skills:
 + Level 5.6(4.2) Dodging
 - Level 5.6(4.2) Stealth
 + Level 5.1(3.8) Spellcasting
 - Level 1.0(0.0) Transmutations
 + Level 6.0(4.6) Earth Magic
 + Level 3.2(1.9) Invocations


You had 7 spell levels left.
You knew the following spells:

 Your Spells              Type           Power        Failure   Level  Hunger
a - Sandblast             Erth           ####..       1%          1    None
b - Passwall              Tmut/Erth      ###.....     6%          2    #......
c - Stone Arrow           Conj/Erth      ###...       12%         3    ###....
d - Petrify               Tmut/Erth      ###.....     38%         4    ####...

Your spell library contained the following spells:

 Spells                   Type           Power        Failure   Level  Hunger
 Lee's Rapid Deconstruct  Erth           ####......   41%         5    ######.


Dungeon Overview and Level Annotations

Branches:
Dungeon (6/15)             Temple (0/1) D:4

Altars:
Elyvilon
Nemelex Xobeh
Okawaru


Innate Abilities, Weirdness & Mutations

You cannot wear most types of armour.
You are very stealthy in the water. (Stealth+)
You are amphibious.
You can wear up to eight rings at the same time.
You can use your tentacles to constrict eight enemies at once.
Your skin changes colour to match your surroundings (Stealth+).
Your rubbery body absorbs attacks. (AC +1, EV +1)


Message History

The blast of sand hits the wight.
The wight is severely damaged.
b - 137 stones You constrict the wight.
The wight hits you with a cursed +0 trident!
* * * LOW HITPOINT WARNING * * *
You feel drained.
* * * LOW HITPOINT WARNING * * *
Casting: Sandblast (safe; 1% risk of failure)
Confirm with . or Enter, or press ? or * to list all spells.
Aiming: Sandblast (safe; 1% risk of failure)
Press: ? - help, Shift-Dir - straight line, f/p - wight
Aim: a wight, wielding a +0 trident and wearing a +0 robe (severely damaged, The blast of sand hits the wight.
The wight is almost destroyed.
b - 136 stones You constrict the wight, but do no damage.
The wight hits you with a cursed +0 trident!
You die...
Your body disappears without a glow.

###.########
#..........#
#.#.######.# #.#.#
....### #.#######
......# #zzz<...#
......##########.#
.........## #z#
......###.## ##@##
...#.## ##.# ##...##
.....# #.###.....##
####.## ##.##.......##
).....###.##.........###
######...###...........#
##.## #.........#.# #.#
##.......##.# ##.##
##......###.#


You could see a wight.

Vanquished Creatures
  A water moccasin (D:6)
  A black bear (D:6)
  An ogre (D:5)
  A phantom (D:5)
  3 centaurs
  A scorpion (D:4)
  A crimson imp (D:5)
  A jelly (D:6)
  A hound (D:5)
  A bullfrog skeleton (D:5)
  A centaur skeleton (D:4)
  Jessica (D:2)
  2 iguanas
  3 worker ants (D:4)
  A worker ant zombie (D:5)
  Robin (D:2)
  11 adders
  2 adder skeletons
  A worm (D:3)
  A dart slug (D:3)
  4 leopard geckos
  9 orcs
  7 bats
  4 giant cockroaches
  9 goblins
  15 hobgoblins
  4 jackals
  2 quokkas
  3 ball pythons
  7 frilled lizards
  A giant cockroach zombie (D:6)
  10 kobolds
  A leopard gecko skeleton (D:5)
  9 rats
121 creatures vanquished.

Vanquished Creatures (collateral kills)
  A troll (D:6)
  An ogre (D:6)
  An orc priest (D:6)
  An iguana (D:6)
  4 orcs (D:6)
  A jackal skeleton (D:6)
9 creatures vanquished.

Grand Total: 130 creatures vanquished

Notes
Turn   | Place    | Note
-------+----------+-------------------------------------------
     0 | D:1      | Geeful the Octopode Earth Elementalist began the quest for
                  | the Orb.
     0 | D:1      | Reached XP level 1. HP: 11/11 MP: 3/3
   551 | D:1      | Reached XP level 2. HP: 17/17 MP: 3/5
  1076 | D:1      | Reached XP level 3. HP: 18/21 MP: 6/6
  1436 | D:2      | Noticed Robin
  1730 | D:2      | Killed Robin
  1756 | D:2      | Reached XP level 4. HP: 11/27 MP: 3/7
  2096 | D:2      | Noticed Jessica
  2102 | D:2      | Killed Jessica
  2216 | D:2      | You fall through a shaft for 2 floors!
  2288 | D:4      | Found an iron altar of Okawaru.
  2292 | D:4      | Found a sparkling altar of Nemelex Xobeh.
  2870 | D:2      | Reached XP level 5. HP: 23/31 MP: 4/9
  2876 | D:2      | Learned a level 2 spell: Passwall
  2880 | D:2      | Learned a level 3 spell: Stone Arrow
  3318 | D:3      | Noticed a centaur
  3337 | D:3      | Killed a centaur
  3337 | D:3      | Reached skill level 4 in Earth Magic
  3337 | D:3      | Reached XP level 6. HP: 8/36 MP: 1/10
  3852 | D:3      | Reached skill level 5 in Stealth
  3898 | D:3      | You fall through a shaft!
  3950 | D:4      | Found a staircase to the Ecumenical Temple.
  4657 | D:4      | Reached XP level 7. HP: 33/41 MP: 12/12
  4902 | D:5      | Entered Level 5 of the Dungeon
  5102 | D:4      | Became a worshipper of Nemelex Xobeh the Trickster
  5114 | D:5      | Received a gift from Nemelex Xobeh
  5597 | D:5      | Reached skill level 5 in Earth Magic
  5637 | D:5      | Learned a level 4 spell: Petrify
  5857 | D:5      | Reached * piety under Nemelex Xobeh
  5956 | D:5      | Reached skill level 1 in Invocations
  6315 | D:6      | Found a white marble altar of Elyvilon.
  6348 | D:6      | Noticed a troll
  6364 | D:6      | Killed a troll
  6364 | D:6      | Reached skill level 5 in Dodging
  6364 | D:6      | Reached XP level 8. HP: 46/46 MP: 14/14
  6976 | D:6      | Reached skill level 5 in Spellcasting
  7189 | D:6      | Reached skill level 6 in Earth Magic
  7371 | D:6      | HP: 2/46 [wight/cursed +0 trident (6)]
  7372 | D:6      | Slain by a wight

Vault maps used:
D:1:      dpeg_arrival_signposts, kennysheep_flooded_box, minmay_octomino_j4
D:2:      uniq_jessica, uniq_robin
D:3:      first_ration
D:4:      nicolae_overflow_hidden_temple, minmay_temple_entry_mist,
          minmay_misc_feat_tiny
D:6:      nicolae_overflow_crystal_walls

Skill      XL: |  1  2  3  4  5  6  7  8 |
---------------+-------------------------+-----
Stealth        | 3 4 5 |  5.6
Dodging        | 3 4 5 |  5.6
Spellcasting   | 3 4 5 |  5.1
Earth Magic    | 4 5 6 |  6.0
Invocations    | 1 3 |  3.2
Transmutations | |  1.0

Action                   |  1- 3 |  4- 6 |  7- 9 || total
-------------------------+-------+-------+-------++-------
Melee: Unarmed           |    17 |       |       ||    17
       Constrict         |    29 |    26 |    22 ||    77
       Tentacles         |    14 |    17 |    14 ||    45
       Short sword       |    74 |    86 |    60 ||   220
 Cast: Sandblast         |    20 |    42 |    25 ||    87
       Stone Arrow       |       |     3 |     2 ||     5
Evoke: Deck              |       |       |     3 ||     3
  Use: Scroll            |       |     7 |     3 ||    10
       Potion            |       |     1 |       ||     1
 Stab: Sleeping          |     4 |     9 |    13 ||    26
       Distracted        |       |     1 |       ||     1
  Eat: Chunk             |     3 |     9 |     2 ||    14
       Ration            |       |       |     2 ||     2
Armor: Skin              |    20 |    13 |     4 ||    37
Dodge: Dodged            |    85 |    93 |    31 ||   209

Table legend:
 A = Non-vault XP
 B = Vault XP
 C = Vault XP percentage of total XP
 D = Non-vault monster count
 E = Vault monster count
 F = Vault count percentage of total count
                 A         B        C        D         E       F
            +---------+---------+-------+---------+---------+-------
      Total |    1885 |      75 |   3.8 |     116 |      14 |  10.8
            +---------+---------+-------+---------+---------+-------
        D:1 |      41 |       7 |  14.6 |      27 |       4 |  12.9
        D:2 |      72 |      68 |  48.6 |      14 |      10 |  41.7
        D:3 |     180 |       0 |   0.0 |      26 |       0 |   0.0
        D:4 |     256 |       0 |   0.0 |      13 |       0 |   0.0
        D:5 |     470 |       0 |   0.0 |      12 |       0 |   0.0
        D:6 |     866 |       0 |   0.0 |      24 |       0 |   0.0
            +---------+---------+-------+---------+---------+-------
